 Dungeon Crawl Stone Soup version 0.24-a0-280-g7cec4da (webtiles) character file.

Game seed: 1368624444366852594

277 EazyBreezy the Skirmisher (level 6, -4/48 HPs)
             Began as a Demonspawn Abyssal Knight on May 11, 2019.
             Was a Believer of Lugonu.
             Slain by an ogre
             ... wielding a cursed +0 giant spiked club
              (19 damage)
             ... on level 4 of the Dungeon.
             The game lasted 00:06:17 (3165 turns).

EazyBreezy the Skirmisher (DsAK)                    Turns: 3165, Time: 00:06:18

Health: -4/48      AC:  9    Str: 12    XL:     6   Next: 4%
Magic:  17/17      EV: 12    Int: 14    God:    Lugonu [**....]
Gold:   142        SH:  0    Dex: 14    Spells: 5/5 levels left

rFire    . . .     SeeInvis .   a - +1 falchion
rCold    . . .     Gourm    .   (no shield)
rNeg     . . .     Faith    .   b - +1 leather armour
rPois    .         Spirit   .   f - +1 helmet
rElec    .         Reflect  .   (no cloak)
rCorr    .         Harm     .   (no gloves)
MR       .....                  (no boots)
Stlth    +.........             (no amulet)
HPRegen  0.16/turn              i - ring of magical power
MPRegen  0.15/turn              (no ring)

@: no status effects
A: hooves 1, yellow scales 2
a: Depart the Abyss, Bend Space, Renounce Religion


You were on level 4 of the Dungeon.
You worshipped Lugonu.
Lugonu was pleased with you.
You were not hungry.

You visited 1 branch of the dungeon, and saw 4 of its levels.
You visited the Abyss 1 time.

You collected 142 gold pieces.

Inventory:

Hand Weapons
 a - a +1 falchion (weapon)
Armour
 b - a +1 leather armour (worn)
 f - a +1 helmet (worn)
Jewellery
 i - a ring of magical power (left hand)
Scrolls
 d - a scroll of blinking
 m - 2 scrolls of teleportation
Potions
 e - a potion of might {unknown}
 g - a potion of resistance {unknown}
 h - 4 potions of flight
 j - a potion of berserk rage {unknown}
 k - a potion of invisibility {unknown}
 l - a potion of agility {unknown}
 n - 4 potions of heal wounds {unknown}
 o - a potion of lignification {unknown}
Comestibles
 c - 4 rations


   Skills:
 * Level 4.3 Fighting
 * Level 3.9 Long Blades
 * Level 2.5 Armour
 * Level 1.8 Dodging
 * Level 3.4 Invocations


You had 5 spell levels left.
You didn't know any spells.
Your spell library was empty.

Dungeon Overview and Level Annotations

Branches:
Dungeon (4/15)
 Temple: D:4-7

Altars:
Okawaru
Vehumet


Innate Abilities, Weirdness & Mutations

You have large cloven feet.
You are mostly covered in yellow scales. (AC +3)


Message History

You open the door.
There is an open door here.
An ogre comes into view. It is wielding a +0 giant spiked club.
The ogre shouts!
The ogre hits you with a cursed +0 giant spiked club!
You hit the ogre. You kick the ogre.
The ogre is lightly wounded.
You hit the ogre. Your kick misses the ogre.
The ogre is moderately wounded.
The ogre barely misses you.
You barely miss the ogre. Your kick misses the ogre.
The ogre is moderately wounded.
The ogre misses you.
You slash the ogre! You kick the ogre.
The ogre is severely wounded.
The ogre hits you with a cursed +0 giant spiked club!!
You barely miss the ogre.
The ogre is severely wounded.
The ogre hits you with a cursed +0 giant spiked club!!
You die...

..# ..# ....# ..# ....#
..# ###### ....+
.)#######....#+##....#
..#.....#............#
.....................#
..##...##............###
..#.....#.......@O......
....._..................
..#.....#..##########...
<.##...##......... .
.................. .
###.....##....#######..
........#######........
..............#........
..............#........


You could see an ogre.

Vanquished Creatures
  2 orc priests (D:3)
  2 orc wizards (D:4)
  6 adders
  3 oozes
  6 dart slugs
  5 leopard geckos
  9 orcs
  A giant cockroach (D:1)
  6 goblins
  5 hobgoblins
  3 jackals (D:2)
  10 kobolds
  2 quokkas (D:3)
  A ball python (D:1)
  4 bats
  5 frilled lizards
  8 rats
78 creatures vanquished.

Notes
Turn   | Place    | Note
-------+----------+-------------------------------------------
     0 | Abyss:1  | EazyBreezy the Demonspawn Abyssal Knight began the quest
                  | for the Orb.
     0 | Abyss:1  | Reached XP level 1. HP: 18/18 MP: 2/2
    38 | Abyss:1  | Noticed a large abomination
    50 | Abyss:1  | Noticed an ice devil
    62 | D:1      | Escaped the Abyss
   106 | D:1      | Reached skill level 1 in Dodging
   129 | D:1      | Reached * piety under Lugonu
   162 | D:1      | Gained mutation: You are partially covered in yellow
                  | scales. (AC +2) [demonic ancestry]
   162 | D:1      | Reached XP level 2. HP: 24/24 MP: 3/3
   478 | D:1      | Reached XP level 3. HP: 18/29 MP: 5/5
  1065 | D:2      | Gained mutation: You have large cloven feet. [demonic
                  | ancestry]
  1065 | D:2      | Reached XP level 4. HP: 11/37 MP: 6/6
  1297 | D:2      | Found a radiant altar of Vehumet.
  1338 | D:2      | Reached ** piety under Lugonu
  1945 | D:3      | Reached skill level 4 in Fighting
  2052 | D:3      | Gained mutation: You are mostly covered in yellow scales.
                  | (AC +3) [demonic ancestry]
  2052 | D:3      | Reached XP level 5. HP: 42/42 MP: 7/7
  2997 | D:4      | Found an iron altar of Okawaru.
  3022 | D:4      | Reached XP level 6. HP: 42/48 MP: 8/8
  3165 | D:4      | Slain by an ogre

Levels and vault maps discovered:
D:1:      eino_arrival_cavern_b, layout_loops_ring
D:2:      layout_loops_ring, fiery_altar_vehumet, kennysheep_generic_room_12
D:3:      layout_loops_ring, first_ration, dk_vineyard_2
D:4:      layout_gridville, overflow_temple_1_default, tso_oasis_becter,
          portal_sewer_entry_e, minmay_crystal_room, okawaru_gym_becter

Skill      XL: |  1  2  3  4 |
---------------+-------------+-----
Dodging        | 1 |  1.8
Long Blades    | 2 3 |  3.9
Armour         | 2 |  2.5
Fighting       | 4 |  4.3
Invocations    | 3 |  3.4

Action                   |  1- 3 |  4- 6 || total
-------------------------+-------+-------++-------
Melee: Falchion          |   122 |   145 ||   267
       Kick              |       |    37 ||    37
Invok: Depart the Abyss  |     1 |       ||     1
  Use: Scroll            |     6 |     2 ||     8
       Potion            |     1 |       ||     1
  Eat: Ration            |     1 |     2 ||     3
Armor: Leather armour    |    47 |    67 ||   114
Dodge: Dodged            |    77 |    93 ||   170
       Rpst.: Falchion   |    19 |    25 ||    44

Table legend:
 A = Non-vault XP
 B = Vault XP
 C = Vault XP percentage of total XP
 D = Non-vault monster count
 E = Vault monster count
 F = Vault count percentage of total count
                 A         B        C        D         E       F
            +---------+---------+-------+---------+---------+-------
      Total |     394 |       3 |   0.8 |      76 |       2 |   2.6
            +---------+---------+-------+---------+---------+-------
        D:1 |      59 |       0 |   0.0 |      26 |       0 |   0.0
        D:2 |      62 |       3 |   4.6 |      15 |       2 |  11.8
        D:3 |     185 |       0 |   0.0 |      31 |       0 |   0.0
        D:4 |      88 |       0 |   0.0 |       4 |       0 |   0.0
            +---------+---------+-------+---------+---------+-------
